 Dungeon Crawl Stone Soup version 0.27.1-34-g3ba077fa99 (webtiles) character file.

Game seed: 7411755133589956965

3812 Delamore the Martial Artist (level 10, -7/63 HPs)
             Began as an Octopode Brigand on Feb 11, 2022.
             Was an Initiate of Gozag.
             Mangled by a yak (13 damage)
             ... on level 7 of the Dungeon.
             The game lasted 00:13:27 (9089 turns).

Delamore the Martial Artist (Octopode Brigand)      Turns: 9089, Time: 00:13:27

Health: -7/63      AC:  5    Str: 10    XL:     10   Next: 17%
Magic:  10/10      EV: 14    Int: 14    God:    Gozag
Gold:   785        SH:  0    Dex: 17    Spells: 6/9 levels left

rFire    + . .     SeeInvis .   d - +3 dagger (protect)
rCold    . . .     Faith    .   (no shield)
rNeg     . . .     Spirit   .   (helmet restricted)
rPois    .         Reflect  .   q - amulet of the acrobat
rElec    .         Harm     .   e - ring of protection from fire
rCorr    .         Rampage  .   t - +4 ring of protection
Will     .....                  (no ring)
Stlth    ++++++....             (no ring)
HPRegen  0.20/turn              (no ring)
MPRegen  0.12/turn              (no ring)
                                (no ring)
                                (no ring)

@: about to teleport, studying Unarmed Combat
A: almost no armour, amphibious, 8 rings, camouflage 1, gelatinous body 1,
(nimble swimmer 1), tentacles
a: Renounce Religion, Potion Petition, Call Merchant, Bribe Branch


You were on level 7 of the Dungeon.
You worshipped Gozag.
Gozag was pleased with you.
You visited 2 branches of the dungeon, and saw 9 of its levels.
You also visited: Ossuary.

You collected 871 gold pieces.
You paid 86 gold pieces to Gozag.

Inventory:

Hand Weapons
 a - a +2 dagger
 d - a +3 dagger of protection (weapon)
 v - a +1 dagger of electrocution
Missiles
 c - 4 curare-tipped darts
 w - 20 boomerangs
 x - 24 poisoned darts (quivered)
Jewellery
 b - an amulet of reflection
 e - a ring of protection from fire (left tentacle)
 q - an amulet of the acrobat (around mantle)
 t - a +4 ring of protection (right tentacle)
Wands
 p - a wand of polymorph (8)
 y - a wand of flame (17)
 B - a wand of paralysis (6)
Scrolls
 g - a scroll of summoning
 i - 3 scrolls of amnesia
 j - a scroll of fear
 k - a scroll of torment
 n - 3 scrolls of enchant weapon
 o - 4 scrolls of noise
 r - a scroll of magic mapping {unknown}
 s - a scroll of brand weapon
 z - 2 scrolls of teleportation
Potions
 f - a potion of haste
 h - a potion of might
 l - 2 potions of invisibility
 m - 5 potions of heal wounds {unknown}
 u - 3 potions of curing
 A - 2 potions of flight {unknown}
 C - a potion of attraction {unknown}
 D - a potion of mutation {unknown}
 E - 2 potions of degeneration {unknown}


   Skills:
 + Level 3.7 Fighting
 - Level 6.6 Short Blades
 + Level 3.8 Throwing
 + Level 3.2 Dodging
 + Level 10.9 Stealth
 + Level 11.9 Unarmed Combat
 + Level 3.4 Evocations


You had 6 spell levels left.
You knew the following spells:

 Your Spells              Type           Power      Damage    Failure   Level
a - Dazzling Flash        Conj/Hex       0%         N/A       65%         3

Your spell library contained the following spells:

 Spells                   Type           Power      Damage    Failure   Level
 Pain                     Necr           0%         1d4       28%         1
 Iskenderun's Mystic Bla  Conj/Tloc      0%         2d3       96%         4
 Leda's Liquefaction      Hex/Erth       0%         N/A       96%         4
 Blade Hands              Tmut           0%         N/A       100%        5
 Bolt of Magma            Conj/Fire/Erth 0%         4d4       100%        5
 Iron Shot                Conj/Erth      0%         9d1       100%        6
 Starburst                Conj/Fire      0%         6d3       100%        6
 Statue Form              Tmut/Erth      0%         N/A       100%        6
 Borgnjor's Revivificati  Necr           0%         N/A       100%        8
 Necromutation            Tmut/Necr      0%         N/A       100%        8
 Death's Door             Necr           0%         N/A       100%        9
 Animate Armour           Summ/Erth      Unusable   N/A       N/A         4

Dungeon Overview and Level Annotations

Branches:
Dungeon (8/15)             Temple (1/1) D:6         Ossuary (visited)
   Lair: D:8-11

Altars:
Ashenzari
Cheibriados
Gozag
Hepliaklqana
Kikubaaqudgha
Makhleb
Okawaru
Qazlal
Sif Muna
Trog
Vehumet
Wu Jian
Xom
Yredelemnul
The Shining One


Innate Abilities, Weirdness & Mutations

You cannot wear most types of armour.
You are amphibious.
You can wear up to eight rings at the same time.
Your skin changes colour to match your surroundings (Stealth+).
Your rubbery body absorbs attacks. (AC +1, EV +1)
((You are camouflaged near water. (Stealth+)))
You have tentacles for arms and can constrict up to eight enemies at once.


Message History

The yak is no longer moving slowly.
There is a stone staircase leading up here.
Throw: 22 darts (poison)
Press: ? - help, Q - select action, (/) - cycle Shift-Dir - straight line, f/p - yak
Aim: a yak (severely wounded, very poisoned, 72% to hit)
You throw a poisoned dart. The poisoned dart hits the yak.
The yak looks even sicker.
The yak is severely wounded.
You kill the yak!
You start resting.
HP restored.
Done exploring.
Autopickup is now on.
You now have 785 gold pieces (gained 8).
x - 22 poisoned darts (gained 1)
x - 23 poisoned darts (gained 1)
x - 24 poisoned darts (gained 1)
c - 4 curare-tipped darts (gained 1) Done exploring.
Done exploring.
Done exploring.
Done exploring.
Okay, then.
There is a stone staircase leading down here.
You climb downwards.
The yak barely misses you. The yak closely misses you. The yak gores you.
The yak gores you!
There is a stone staircase leading up here.
The yak barely misses you. The yak misses you. The yak gores you!
You climb upwards.
There is a stone staircase leading down here.
As you read the scroll of teleportation, it crumbles to dust.
You feel strangely unstable. The yak barely misses you. The yak gores you.
The yak misses you.
You completely miss the yak. The yak gores you! x2
* * * LOW HITPOINT WARNING * * *
You feel better. The yak gores you!
* * * LOW HITPOINT WARNING * * *
The yak barely misses you. The yak gores you!
You die...
Your body crumbles into a pile of gold.

# ##..##.#.# #........######
####...##>#.###.............#
....#......#...#.##....####.#
§≈§.##)......###.##.#.## #.#
≈§.≈###.#..#.###.##....## #.#
.§.≈# #.#..#............# #.#
.≈.≈###.#..#####.##.....# #.#
.≈.≈##.....# #Y##.#.#.# #.#
≈..≈#.####.#####@##[#.#.# #.#
≈≈≈.#.# #.....YY##)#.#.###.##
....#.#############[#....#...#
####....# #..#....#.#.# #..#.#
#.##....#.#.#### ####....#
#.##.#....#....#
..###.#.##########......#######..
#.# #.#...............#....#....#
#.# #..........#.[....#.##.#.####


You could see 3 yaks.

Vanquished Creatures
  A two-headed ogre (D:5)
  Sigmund (D:4)
  A yak (D:7)
  Eustachio (D:6)
  Menkaure (D:5)
  Duvessa (D:5)
  2 sky beasts (D:6)
  An orc warrior (D:7)
  2 ogres
  3 centaurs
  2 phantoms
  2 elf zombies (Ossuary)
  Blork the orc (D:4)
  A bullfrog (D:7)
  Dowan (D:5)
  A water moccasin skeleton (D:5)
  5 wights (D:7)
  4 centaur zombies
  5 hounds
  2 human zombies (Ossuary)
  A jelly (D:7)
  Crazy Yiuf (D:6)
  2 orc priests (D:6)
  A centaur skeleton (D:7)
  2 bullfrog skeletons
  2 iguanas (D:5)
  8 orc wizards
  Natasha (twice) (D:2)
  A hound skeleton (D:4)
  2 mummies (Ossuary)
  A howler monkey skeleton (D:7)
  5 adders
  2 river rats (D:3)
  A shadow imp (D:6)
  A white imp (D:7)
  2 adder zombies (Ossuary)
  An adder skeleton (D:2)
  2 worms
  3 dart slugs
  26 orcs
  6 ball pythons
  6 endoplasms
  8 giant cockroaches
  5 goblins
  12 hobgoblins
  8 jackals
  9 kobolds
  4 quokkas
  4 bats
  6 frilled lizards
  2 goblin zombies (Ossuary)
  8 hobgoblin zombies (Ossuary)
  A jackal zombie (Ossuary)
  12 kobold zombies (Ossuary)
  6 orc zombies (Ossuary)
  2 quokka skeletons (D:4)
  10 rats
213 creatures vanquished.

Notes
Turn   | Place    | Note
-------+----------+-------------------------------------------
     0 | D:1      | Delamore the Octopode Brigand began the quest for the Orb.
     0 | D:1      | Reached XP level 1. HP: 14/14 MP: 1/1
   175 | D:1      | Reached XP level 2. HP: 9/19 MP: 2/2
   552 | D:1      | Reached XP level 3. HP: 20/24 MP: 3/3
   832 | D:1      | Found a faded altar of an unknown god.
  1058 | D:2      | Found a radiant altar of Vehumet.
  1314 | D:2      | Noticed Natasha
  1323 | D:2      | Killed Natasha
  1324 | D:2      | Reached XP level 4. HP: 23/29 MP: 4/4
  1844 | D:2      | Noticed Natasha
  1854 | D:2      | Killed Natasha
  1855 | D:2      | Reached XP level 5. HP: 25/34 MP: 5/5
  1978 | D:3      | You fall into a shaft and drop 2 floors!
  1978 | D:5      | Entered Level 5 of the Dungeon
  1992 | D:5      | Found a stormy altar of Qazlal.
  1994 | D:5      | Noticed a two-headed ogre
  2086 | D:5      | Noticed a centaur
  2090 | D:5      | Noticed a centaur
  2091 | D:5      | Killed a centaur
  2092 | D:5      | Reached XP level 6. HP: 30/39 MP: 6/6
  2160 | D:4      | Noticed Blork the orc
  2168 | D:4      | Killed Blork the orc
  2169 | D:4      | Reached XP level 7. HP: 45/45 MP: 7/7
  2225 | D:4      | Reached skill level 10 in Stealth
  2229 | D:4      | Noticed Sigmund
  2480 | D:4      | HP: 1/45 [something (4)]
  2488 | D:4      | HP: 3/100 [something (10)]
  2489 | D:4      | Killed Sigmund
  2490 | D:4      | Reached skill level 5 in Short Blades
  2874 | D:3      | Found a shimmering blue altar of Sif Muna.
  2901 | D:3      | Got Sif Muna's Collected Works on Evil
  3273 | D:3      | Found an iron altar of Okawaru.
  3801 | D:4      | Reached XP level 8. HP: 42/50 MP: 8/8
  3869 | D:4      | Found a hazy altar of Hepliaklqana.
  4521 | D:5      | Noticed Duvessa
  4525 | D:5      | Noticed Dowan
  4533 | D:5      | Killed Dowan
  4534 | D:5      | Reached skill level 2 in Unarmed Combat
  4546 | D:5      | Noticed Menkaure
  4861 | D:5      | Killed Menkaure
  4862 | D:5      | Reached skill level 4 in Unarmed Combat
  5294 | D:5      | Reached skill level 5 in Unarmed Combat
  5369 | D:5      | Reached skill level 6 in Unarmed Combat
  5511 | D:5      | Killed a two-headed ogre
  5512 | D:5      | Reached skill level 10 in Unarmed Combat
  5512 | D:5      | Reached XP level 9. HP: 54/54 MP: 9/9
  5526 | D:5      | Killed Duvessa
  6065 | D:6      | Reached skill level 11 in Unarmed Combat
  6270 | D:6      | Found a radiant altar of Vehumet.
  6322 | D:6      | Reached skill level 1 in Evocations
  6339 | D:6      | Found a staircase to the Ecumenical Temple.
  6355 | Temple   | Entered the Ecumenical Temple
  6457 | Temple   | Became a worshipper of Gozag Ym Sagoz the Greedy
  6491 | D:6      | Noticed Eustachio
  6493 | D:6      | Killed Eustachio
  6561 | D:6      | Found a runed translucent door.
  6562 | D:6      | Noticed Crazy Yiuf
  6669 | D:6      | Found a broken altar of Ashenzari.
  6833 | D:6      | Learned a level 3 spell: Dazzling Flash
  7084 | D:6      | Killed Crazy Yiuf
  7128 | D:7      | Found a snail-covered altar of Cheibriados.
  7623 | D:7      | Found a shimmering altar of Xom.
  7898 | D:7      | Reached XP level 10. HP: 63/63 MP: 10/10
  8019 | D:7      | Identified the +2 robe "Ceojoopy" {rN+ Will- Int+6 Dex-3}
  8410 | D:8      | Found a sand-covered staircase.
  8415 | Ossuary  | Entered an ossuary
  9089 | D:7      | Mangled by a yak

Illustrated notes

Levels and vault maps discovered:
D:1:      dpeg_arrival_shrine, layout_loops_ring,
          dreamdust_ecumenical_altar_angels_and_demons
D:2:      layout_rooms, basic_altar, minmay_three_crescents, uniq_natasha
D:3:      layout_basic, led_sif_book, lemuel_crystal_altar,
          gup_sewer_entry_bubbles
D:4:      layout_loops_corners, lemuel_crystal_altar, nicolae_zen_rock_garden,
          uniq_blork_the_orc, uniq_sigmund
D:5:      layout_basic, grunt_qazlal_clouds, minmay_manual_mares, uniq_menkaure,
          uniq_duvessa
D:6:      layout_loops_ring, mainiacjoe_overflow_catwalk, ashenzari_altar_1,
          minmay_temple_entry_large_hall, uniq_eustachio,
          uniq_crazy_yiuf_cottage
D:7:      layout_loops_ring, amcnicky_altar_gilded, mainiacjoe_overflow_paths,
          minmay_starry_boxes
D:8:      layout_cave_pools, mainiacjoe_overflow_alcove_4,
          mainiacjoe_overflow_surrounded_room, lair_entry_dummy,
          lightli_ossuary_entry_decrepit_ruins, minmay_orc_keep, uniq_erica,
          uniq_prince_ribbit1
Temple:   nicolae_temple_figure_zero

Skill      XL: |  1  2  3  4  5  6  7  8  9 10 |
---------------+-------------------------------+-----
Stealth        | 6 7 9 10 | 10.9
Short Blades   | 3 4 6 |  6.6
Unarmed Combat | 10 11 | 11.9
Evocations     | 2 3 |  3.4
Dodging        | 2 3 |  3.2
Fighting       | 3 |  3.7
Throwing       | 3 |  3.8

Action                   |  1- 3 |  4- 6 |  7- 9 | 10-12 || total
-------------------------+-------+-------+-------+-------++-------
Melee: Dagger            |    82 |    59 |   263 |   149 ||   553
       Constrict         |    16 |    10 |    39 |    34 ||    99
       Tentacles         |     8 |    10 |    54 |    32 ||   104
       Punch             |       |       |    13 |    19 ||    32
Throw: Dart              |     5 |       |    22 |     5 ||    32
  Use: Scroll            |     2 |       |    10 |     1 ||    13
       Potion            |       |       |     4 |     1 ||     5
 Stab: Sleeping          |    19 |    14 |    36 |     9 ||    78
       Distracted        |       |       |     1 |       ||     1
Armor: Skin              |    26 |    15 |    56 |    44 ||   141
Dodge: Dodged            |    47 |    15 |   111 |   106 ||   279
